 Dungeon Crawl Stone Soup version 0.25.1-2-g60ff931df9 (webtiles) character file.

Game seed: 8153349548570844726

44165 Johnny the Eclecticist (level 13, -11/88 HPs)
             Began as a Demigod Earth Elementalist on Oct 26, 2020.
             Mangled by a catoblepas (36 damage)
             ... on level 6 of the Lair of Beasts.
             The game lasted 00:27:36 (24506 turns).

Johnny the Eclecticist (DgEE)                      Turns: 24506, Time: 00:27:36

Health: -11/88     AC: 10    Str: 11    XL:     13   Next: 56%
Magic:  28/38      EV: 10    Int: 35    God:
Gold:   947        SH: 14    Dex: 11    Spells: 30/43 levels left

rFire    . . .     SeeInvis +   j - +7 mace (protect)
rCold    . . .     Gourm    .   N - +0 kite shield
rNeg     . . .     Faith    .   M - +2 robe {MR+}
rPois    +         Spirit   .   b - +0 helmet of Temperance {*Drain Regen+ Int+8 Dex-5}
rElec    .         Reflect  +   n - +2 cloak {MR+}
rCorr    .         Harm     .   f - +1 pair of gloves
MR       +++..                  (no boots)
Stlth    ++........             K - amulet of reflection
HPRegen  0.64/turn              r - ring of see invisible
MPRegen  0.26/turn              L - ring of poison resistance

@: no status effects
A: high mp 1
a: no special abilities


You were on level 6 of the Lair of Beasts.
You were not hungry.

You visited 2 branches of the dungeon, and saw 16 of its levels.
You also visited: Gauntlet.

You collected 1127 gold pieces.
You spent 180 gold pieces at shops.

Inventory:

Hand Weapons
 j - a +7 mace of protection (weapon)
 q - a +2 short sword of holy wrath
Missiles
 a - 280 stones (quivered)
Armour
 b - the +0 helmet of Temperance (worn) {*Drain Regen+ Int+8 Dex-5}
   (You found it on level 7 of the Dungeon)

   It affects your intelligence (+8).
   It affects your dexterity (-5).
   It increases your rate of regeneration.
   It causes draining when unequipped.
 f - a +1 pair of gloves (worn)
 n - a +2 cloak of magic resistance (worn)
 s - a +2 robe of positive energy
 M - a +2 robe of magic resistance (worn)
 N - a +0 kite shield (worn)
 R - a scarf of repulsion
 T - the +0 cloak of the Garden {*Corrode rN+ Regen+ Dex+8}
   (You found it in a Gauntlet)

   It affects your dexterity (+8).
   It protects you from negative energy.
   It increases your rate of regeneration.
   It may corrode you when you take damage.
Magical Staves
 F - an uncursed staff of cold
Jewellery
 r - a ring of see invisible (left hand)
 z - an uncursed ring of stealth
 B - an uncursed ring of resist corrosion
 K - an amulet of reflection (around neck)
 L - a ring of poison resistance (right hand)
 O - the ring of Aqaun {+Blink rPois Int-4 Slay+2 Stlth+}
   (You found it in a Gauntlet)

   [ring of poison resistance]

   It affects your intelligence (-4).
   It affects your accuracy and damage with ranged weapons and melee attacks
   (+2).
   It protects you from poison.
   It lets you blink.
   It makes you more stealthy.
Wands
 c - a wand of iceblast (14)
 i - a wand of disintegration (9)
 y - a wand of digging (2)
 C - a wand of paralysis (19)
 G - a wand of acid (5)
 P - a wand of clouds (4)
Scrolls
 g - 11 scrolls of remove curse
 h - 7 scrolls of fog
 p - 6 scrolls of teleportation
 u - 2 scrolls of fear
 v - 2 scrolls of noise
 A - a scroll of blinking
 H - a scroll of torment
 Q - a scroll of random uselessness {unknown}
 W - a scroll of enchant armour
Potions
 e - a potion of invisibility {unknown}
 k - 4 potions of magic
 l - 2 potions of heal wounds
 m - 2 potions of lignification
 o - 3 potions of haste
 t - 3 potions of might {unknown}
 w - 2 potions of cancellation {unknown}
 x - 10 potions of curing
 D - 5 potions of flight
 E - 2 potions of mutation {unknown}
 J - a potion of resistance
Miscellaneous
 I - a tin of tremorstones (3/3)
 U - a lightning rod (4/4)
Comestibles
 d - 33 rations
 S - 5 chunks of flesh


   Skills:
 - Level 0.4 Fighting
 - Level 1.7 Dodging
 - Level 1.7 Stealth
 + Level 6.3 Shields
 + Level 15.7 Spellcasting
 - Level 0.8 Transmutations
 - Level 12.2 Earth Magic


You had 30 spell levels left.
You knew the following spells:

 Your Spells              Type           Power        Failure   Level  Hunger
a - Sandblast             Erth           ######       1%          1    None
b - Stone Arrow           Conj/Erth      ######       1%          3    None
c - Lee's Rapid Deconstr  Erth           #######...   1%          5    None
d - Petrify               Tmut/Erth      ######..     3%          4    None

Your spell library contained the following spells:

 Spells                   Type           Power        Failure   Level  Hunger
 Passwall                 Tmut/Erth      ######..     1%          2    None
 Animate Skeleton         Necr           N/A          4%          1    None
 Apportation              Tloc           ####..       4%          1    None
 Corona                   Hex            ####...      4%          1    None
 Foxfire                  Conj/Fire      ####         4%          1    None
 Summon Small Mammal      Summ           ####         4%          1    None
 Call Imp                 Summ           ####....     6%          2    None
 Call Canine Familiar     Summ           ####....     13%         3    None
 Conjure Flame            Conj/Fire      ####....     13%         3    None
 Inner Flame              Hex/Fire       ####....     13%         3    None
 Summon Guardian Golem    Hex/Summ       ####....     13%         3    None
 Sticky Flame             Conj/Fire      ####....     38%         4    None
 Summon Ice Beast         Ice/Summ       ####....     38%         4    None
 Summon Lightning Spire   Summ/Air       ####....     38%         4    None
 Fireball                 Conj/Fire      ####......   75%         5    None


Dungeon Overview and Level Annotations

Branches:
Dungeon (10/15)            Temple (0/1) D:5            Lair (6/6) D:10
  Swamp (0/4) Lair:2       Spider (0/4) Lair:4        Slime (0/5) Lair:6
    Orc (0/2) D:9         Gauntlet (visited)

Shops:
D:9 !(

Annotations:
D:3 Natasha
D:4 3 runed translucent doors, Alannah's ghost, amateur DrWn; OdinFK's ghost, amateur MfSk
Lair:4 1 runed translucent door, Rykyfasu's ghost, journeyman MiFi


Innate Abilities, Weirdness & Mutations

You have an increased reservoir of magic. (+10% MP)


Message History

The spiny frog is engulfed in calcifying dust.
The spiny frog is moving more slowly.
Unknown command.
As you read the scroll of fear, it crumbles to dust.
You assume a fearsome visage.
The spiny frog looks frightened!
The catoblepas easily resists.
The spiny frog is engulfed in calcifying dust.
The spiny frog stops moving altogether!
You block the catoblepas's attack.
Casting: Lee's Rapid Deconstruction (dangerous; 1% risk of failure)
Confirm with . or Enter, or press ? or * to list all spells.
Aiming: Lee's Rapid Deconstruction (dangerous; 1% risk of failure)
Press: ? - help, Dir - move target cursor, f/p - spiny frog Fragment what (e.g. wall or brittle monster)?: a spiny frog (severely wounded, petrified, fleeing)
The spiny frog shatters!!!
You blow up the spiny frog!
The blast of petrified fragments hits the catoblepas!
The catoblepas is heavily wounded.
You hear an angry hiss.
The catoblepas gores you!!!
You die...

*,,,,,,,,,>,,,*##.##.....#######.
*,,,,,,,,,,,,,,...##P....##P..##.
**,,,,,,,,,,,,*...P##.........##P
*,,,,,,,..,,*,,.........#.P..###
*,,,,,,,...*,,,,.##....###P..###
*,,,,,,,....,****,##....#*...##.
**,,,,,,,....#######.....#*#..###
*,,,,,,,,.....§..P.#....####..# #
*,,,,,,,,.......@.........##..###
*,,,,,,,,......§Y................
*,,,,,,,,.........<..............
,,,,,,,,,.......§................
,,,,,,**,..P.P....♣♣.............
,,,,,****♣.PP..P.♣♣♣♣.....P......
,,,,,**,,.P......♣,♣♣............
,,,,,,**,.......P..♣.......##..#.
,,,,,,,,,..P.....P..P÷....+......


You could see a catoblepas.

Vanquished Creatures
  Rupert (Lair:6)
  Kirke (Lair:4)
  A minotaur (Gauntlet)
  Snorg (D:10)
  Erolcha (D:10)
  Josephine (Lair:4)
  2 hydras
  A catoblepas (Lair:6)
  A two-headed ogre (D:8)
  A hell hog (Gauntlet)
  The ghost of Alannah the Ducker, a novice DrWn of Sif Muna (D:7)
  An obsidian statue (Gauntlet)
  A lindwurm (Lair:6)
  7 oklob plants
  Maurice (D:9)
  The ghost of patan the Cudgeler, a novice TrMo (D:5)
  Psyche (D:9)
  A black mamba (Lair:5)
  15 spiny frogs
  A gargoyle (D:10)
  5 komodo dragons
  2 rime drakes
  A polar bear (Lair:6)
  A jumping spider (Lair:4)
  3 blink frogs (Lair:5)
  Grinder (D:3)
  10 hippogriffs
  3 slime creatures (Gauntlet)
  4 wraiths (Lair:4)
  2 wyverns
  3 redbacks (Lair:4)
  7 hogs
  2 humans
  29 yaks
  2 fire bats (Gauntlet)
  2 basilisks
  A hungry ghost (D:10)
  4 vampire mosquitoes (Lair:2)
  A steam dragon (D:10)
  20 water moccasins
  A hell hound (Gauntlet)
  13 porcupines
  A black bear (D:8)
  3 orc warriors (D:7)
  2 ice beasts
  A phantom (D:8)
  3 sky beasts
  11 wolves
  A necrophage (D:8)
  5 ogres
  8 centaurs
  12 crocodiles
  12 bullfrogs
  A water moccasin zombie (D:9)
  2 wyvern skeletons
  3 scorpions
  2 water moccasin skeletons
  10 killer bees
  4 wights (D:9)
  A vampire bat (D:9)
  6 electric eels
  A howler monkey (D:3)
  6 crimson imps
  3 jellies
  3 hounds
  A gnoll shaman (D:5)
  2 orc priests
  Crazy Yiuf (D:3)
  A centaur skeleton (D:6)
  4 iguanas
  Terence (D:2)
  14 worker ants
  Natasha (twice) (D:3)
  3 orc wizards
  A hound skeleton (D:5)
  A hound zombie (D:5)
  A howler monkey zombie (D:7)
  3 gnolls (D:5)
  8 adders
  5 shadow imps
  3 oozes
  An adder skeleton (D:4)
  3 worms
  7 dart slugs
  5 leopard geckos
  26 orcs
  4 bat skeletons (D:9)
  A bat zombie (D:9)
  6 giant cockroaches
  6 goblins
  7 hobgoblins
  7 jackals
  5 kobolds
  A quokka (D:6)
  A ball python (D:3)
  12 bats
  5 frilled lizards
  A jackal skeleton (D:8)
  A quokka zombie (D:5)
  7 rats
  4 fungi
  A plant (Lair:1)
421 creatures vanquished.

Vanquished Creatures (others)
  2 humans (Lair:4)
  A demonic plant (Gauntlet)
  19 fungi
  33 plants
  A withered plant (D:4)
56 creatures vanquished.

Grand Total: 477 creatures vanquished

Notes
Turn   | Place    | Note
-------+----------+-------------------------------------------
     0 | D:1      | Johnny the Demigod Earth Elementalist began the quest for
                  | the Orb.
     0 | D:1      | Reached XP level 1. HP: 14/14 MP: 5/5
   224 | D:1      | Reached skill level 2 in Spellcasting
   367 | D:1      | Reached XP level 2. HP: 19/20 MP: 0/7
   785 | D:1      | Reached XP level 3. HP: 24/26 MP: 1/9
  1227 | D:2      | Found a blossoming altar of Fedhas.
  1265 | D:2      | Found a shimmering blue altar of Sif Muna.
  1265 | D:2      | Found a glowing golden altar of the Shining One.
  1266 | D:2      | Found a sparkling altar of Nemelex Xobeh.
  1405 | D:2      | Noticed Terence
  1881 | D:3      | Noticed an ogre
  1892 | D:3      | Killed an ogre
  1892 | D:3      | Reached XP level 4. HP: 30/33 MP: 5/11
  1956 | D:3      | Reached skill level 3 in Spellcasting
  1956 | D:3      | Reached XP level 5. HP: 38/38 MP: 8/12
  1961 | D:3      | Learned a level 3 spell: Stone Arrow
  2025 | D:3      | Noticed Grinder
  2061 | D:3      | Paralysed by Grinder for 3 turns
  2066 | D:3      | Paralysed by Grinder for 6 turns
  2072 | D:3      | Killed Grinder
  2072 | D:3      | Reached skill level 5 in Earth Magic
  2072 | D:3      | Reached XP level 6. HP: 3/45 MP: 6/14
  2948 | D:3      | Noticed Natasha
  2956 | D:3      | Killed Natasha
  3375 | D:3      | Noticed Natasha
  3382 | D:3      | Killed Natasha
  3591 | D:3      | Found a runed translucent door.
  3592 | D:3      | Noticed Crazy Yiuf
  3597 | D:3      | Killed Crazy Yiuf
  3651 | D:3      | Noticed Natasha
  4020 | D:2      | Killed Terence
  4320 | D:4      | Found a hazy altar of Hepliaklqana.
  4372 | D:4      | Found a runed translucent gate.
  4372 | D:4      | Found a runed translucent gate.
  4374 | D:4      | Found a runed translucent gate.
  4392 | D:4      | Noticed OdinFK's ghost (amateur MfSk)
  4392 | D:4      | Noticed Alannah's ghost (amateur DrWn)
  4511 | D:4      | Found a shattered altar of Ashenzari.
  4600 | D:4      | Reached skill level 4 in Spellcasting
  4793 | D:5      | Entered Level 5 of the Dungeon
  4824 | D:5      | Reached XP level 7. HP: 37/50 MP: 13/16
  4921 | D:5      | Found a runed translucent door.
  4921 | D:5      | Noticed patan's ghost (novice TrMo)
  4961 | D:5      | Found a staircase to the Ecumenical Temple.
  6177 | D:5      | Killed patan's ghost
  6177 | D:5      | Reached skill level 5 in Spellcasting
  6177 | D:5      | Reached XP level 8. HP: 12/57 MP: 12/19
  6499 | D:6      | Found a shimmering altar of Xom.
  6555 | D:6      | Found a white marble altar of Elyvilon.
  6886 | D:6      | Found a basalt altar of Yredelemnul.
  6895 | D:6      | Found a hide-covered altar of Uskayaw.
  8165 | D:7      | Reached skill level 6 in Spellcasting
  8177 | D:7      | Reached XP level 9. HP: 47/62 MP: 14/22
  8182 | D:7      | Reached skill level 10 in Earth Magic
  9156 | D:7      | Found an iron altar of Okawaru.
  9505 | D:7      | Found a runed translucent gate.
  9505 | D:7      | Found a runed translucent gate.
  9506 | D:7      | Found a runed translucent gate.
  9506 | D:7      | Noticed Alannah's ghost (novice DrWn)
  9509 | D:7      | Identified the cursed +0 chain mail of Cizomp {Int+3}
  9510 | D:7      | Found a roughly hewn altar of Beogh.
  9535 | D:7      | Learned a level 5 spell: Lee's Rapid Deconstruction
  9540 | D:7      | Learned a level 4 spell: Petrify
  9925 | D:7      | Killed Alannah's ghost
  9925 | D:7      | Reached skill level 7 in Spellcasting
  9958 | D:7      | Got a smouldering helmet
  9964 | D:7      | Identified the cursed +0 helmet of Temperance {*Drain
                  | Regen+ Int+8 Dex-5} (You found it on level 7 of the
                  | Dungeon)
 10561 | D:8      | Reached XP level 10. HP: 51/69 MP: 25/25
 10574 | D:8      | Noticed a two-headed ogre
 10580 | D:8      | Killed a two-headed ogre
 10769 | D:8      | Found a bloodstained altar of Trog.
 10917 | D:9      | Found Syskeus's Weapon Boutique.
 10917 | D:9      | Found a staircase to the Orcish Mines.
 10920 | D:9      | Noticed Psyche
 10929 | D:9      | Killed Psyche
 10983 | D:9      | Noticed Maurice
 10986 | D:9      | Killed Maurice
 10986 | D:9      | Reached skill level 8 in Spellcasting
 11370 | D:9      | Found a bloodstained altar of Trog.
 11841 | D:9      | Found an ancient bone altar of Kikubaaqudgha.
 12088 | D:9      | Found Ogeubem's Distillery.
 12092 | D:9      | Bought a potion of lignification for 30 gold pieces
 12092 | D:9      | Bought a potion of curing for 30 gold pieces
 12092 | D:9      | Bought a potion of flight for 30 gold pieces
 12092 | D:9      | Bought 2 potions of curing for 60 gold pieces
 12092 | D:9      | Bought a potion of curing for 30 gold pieces
 12464 | D:10     | Entered Level 10 of the Dungeon
 12704 | D:10     | Reached skill level 9 in Spellcasting
 12938 | D:10     | Noticed Erolcha
 12956 | D:10     | Killed Erolcha
 13187 | D:10     | Noticed Snorg
 13558 | D:10     | Killed Snorg
 13558 | D:10     | Reached skill level 10 in Spellcasting
 13558 | D:10     | Reached XP level 11. HP: 75/75 MP: 0/29
 13947 | D:10     | Found a staircase to the Lair.
 14024 | Lair:1   | Entered Level 1 of the Lair of Beasts
 14377 | Lair:1   | Reached skill level 11 in Spellcasting
 15573 | Lair:1   | Reached skill level 12 in Spellcasting
 16142 | Lair:2   | Noticed a seven-headed hydra
 16146 | Lair:2   | Killed a seven-headed hydra
 16723 | Lair:2   | Reached XP level 12. HP: 63/82 MP: 20/33
 16909 | Lair:2   | Found a staircase to the Swamp.
 17018 | Lair:2   | Reached skill level 13 in Spellcasting
 19517 | Lair:4   | Got a jewelled leather armour
 19528 | Lair:4   | Identified the +3 leather armour of Suic {Str+3 Int-2
                  | Slay+4} (You found it on level 4 of the Lair of Beasts)
 19672 | Lair:4   | Reached skill level 14 in Spellcasting
 19852 | Lair:4   | Noticed Kirke
 19860 | Lair:4   | Killed Kirke
 20029 | Lair:4   | Noticed Josephine
 20031 | Lair:4   | Killed Josephine
 20745 | Lair:4   | Found a runed translucent door.
 20745 | Lair:4   | Found a shimmering altar of Xom.
 20745 | Lair:4   | Noticed Rykyfasu's ghost (journeyman MiFi)
 20971 | Lair:4   | Found a hole to the Spider Nest.
 21099 | Lair:4   | Found a sparkling altar of Nemelex Xobeh.
 21446 | Lair:5   | Reached skill level 1 in Shields
 22000 | Lair:5   | Reached skill level 15 in Spellcasting
 22039 | Lair:5   | Noticed a seven-headed hydra
 22051 | Lair:5   | Killed a seven-headed hydra
 22051 | Lair:5   | Reached XP level 13. HP: 54/88 MP: 13/37
 22848 | Lair:6   | Entered Level 6 of the Lair of Beasts
 22873 | Lair:6   | Noticed Rupert
 22883 | Lair:6   | Found a gate leading to a gauntlet.
 22888 | Gauntlet | Entered a Gauntlet
 22888 | Gauntlet | Found a transporter.
 22888 | Gauntlet | Found a transporter.
 22892 | Gauntlet | Found a transporter.
 22894 | Gauntlet | Found a transporter.
 22902 | Gauntlet | Found a transporter.
 22912 | Gauntlet | Found a transporter.
 22912 | Gauntlet | Found a transporter.
 22912 | Gauntlet | Noticed a reaper
 22918 | Gauntlet | Found a transporter.
 22941 | Gauntlet | Found a transporter.
 22948 | Gauntlet | Found a transporter.
 22968 | Gauntlet | Found a transporter.
 22978 | Gauntlet | Found a transporter.
 23023 | Gauntlet | Found a transporter.
 23045 | Gauntlet | Found a transporter.
 23142 | Gauntlet | Found a transporter.
 23158 | Gauntlet | Found a transporter.
 23556 | Gauntlet | Got a steaming brass ring
 23560 | Gauntlet | Identified the ring of Aqaun {+Blink rPois Int-4 Slay+2
                  | Stlth+} (You found it in a Gauntlet)
 23669 | Gauntlet | Noticed a minotaur
 23675 | Gauntlet | Killed a minotaur
 23795 | Gauntlet | Got a crude cloak
 23807 | Gauntlet | Identified the cursed +0 cloak of the Garden {*Corrode rN+
                  | Regen+ Dex+8} (You found it in a Gauntlet)
 23847 | Lair:6   | Reached skill level 5 in Shields
 24245 | Lair:6   | Killed Rupert
 24506 | Lair:6   | Mangled by a catoblepas

Illustrated notes

Levels and vault maps discovered:
D:1:      lightli_arrival_boilingwater, layout_loops_ring
D:2:      layout_loops_ring, old_standard_altar,
          gammafunk_temple_overflow_forgotten, uniq_terence
D:3:      layout_basic, first_ration, uniq_grinder, uniq_natasha,
          uniq_crazy_yiuf_cottage
D:4:      layout_cave_pools, nicolae_ashenzari_panopticon,
          overflow_temple_1_default, gammafunk_ghost_cemetery
D:5:      layout_basic, temple_pool_b, hellmonk_ghost_happy_afterlife
D:6:      minmay_razor_zed, layout_loops_ring, elyvilon_altar_3,
          lemuel_doored_altar, kennysheep_mini_moat, old_standard_altar
D:7:      layout_loops_ring, old_standard_altar, biasface_ghost_orc_armoury,
          grunt_livestock
D:8:      layout_rooms, hangedman_abyss_or_decor_clamps,
          trog_three_pillars_becter
D:9:      layout_loops_ring, kennysheep_vampire_church, lemuel_round_altar,
          orc_david_3, serial_shops, nicolae_shop_crystal, st_stairs_10,
          uniq_maurice, uniq_psyche
D:10:     layout_rooms, erik_lair_dragon, uniq_snorg, uniq_erolcha
Lair:1:   dpeg_oklob_gauntlet, layout_loops_ring
Lair:2:   layout_long_grid, minmay_swamp_entry_swarm, serial_bayou_lake_a,
          grunt_megastairs_2
Lair:3:   layout_chaotic_city
Lair:4:   layout_loops_ring, spider_nest_entry_funnel_web, ebering_ghost_xom,
          lemuel_centaur_altar, uniq_kirke, uniq_josephine
Lair:5:   layout_gridlike, minmay_lair_oklob_chamber, lemuel_fruit_tree,
          grunt_megastairs_5
Lair:6:   evilmike_catoblepas_cave, layout_regular_city, slime_dummy,
          gauntlet_entry_generic, nicolae_lair_yak_garden, uniq_nessos,
          uniq_rupert

Skill      XL: |  1  2  3  4  5  6  7  8  9 10 11 12 13 |
---------------+----------------------------------------+-----
Spellcasting   | 2 3 4 5 6 7 10 12 15 | 15.7
Earth Magic    | 3 4 5 6 8 9 11 12 | 12.2
Shields        | 2 6 |  6.3
Fighting       | |  0.4
Dodging        | |  1.7
Stealth        | |  1.7
Transmutations | |  0.8

Action                   |  1- 3 |  4- 6 |  7- 9 | 10-12 | 13-15 || total
-------------------------+-------+-------+-------+-------+-------++-------
Melee: Unarmed           |    39 |       |       |       |       ||    39
       Dagger            |    39 |       |       |       |       ||    39
       Mace              |       |    99 |   202 |   115 |    23 ||   439
 Cast: Sandblast         |    35 |    37 |   100 |    92 |    18 ||   282
       Stone Arrow       |       |       |    13 |   190 |    18 ||   221
       Lee's Rapid Decon |       |       |     7 |   112 |    44 ||   163
       Petrify           |       |       |       |    20 |     3 ||    23
Evoke: Wand              |       |       |    16 |    10 |     4 ||    30
  Use: Potion            |     3 |       |     3 |       |       ||     6
       Scroll            |       |       |    19 |     8 |     6 ||    33
 Stab: Sleeping          |     4 |     5 |     6 |     5 |       ||    20
       Paralysed         |       |       |       |     1 |       ||     1
  Eat: Chunk             |     1 |     8 |     7 |    30 |     1 ||    47
       Ration            |     1 |       |     4 |     2 |     2 ||     9
Armor: Robe              |    24 |    41 |   111 |   116 |    30 ||   322
       Skin              |       |       |    21 |       |       ||    21
Dodge: Dodged            |    68 |    73 |   197 |   193 |    22 ||   553
       Repelled          |       |       |       |       |     3 ||     3
Block: Other             |       |       |       |    40 |     3 ||    43
       Reflection        |       |       |       |     3 |     1 ||     4
       Kite shield       |       |       |       |       |    38 ||    38
